 Dungeon Crawl Stone Soup version 0.28-a0-1406-ga8dd43b1d0 (webtiles) character file.

Game seed: 3939338852942469176

933 Lekart the Skirmisher (level 7, 0/94 HPs)
             Began as a Grey Draconian Fighter on Jan 6, 2022.
             Was an Initiate of Yredelemnul.
             Slain by a killer bee (3 damage)
             ... on level 5 of the Dungeon.
             The game lasted 00:07:02 (4674 turns).

Lekart the Skirmisher (Grey Draconian Fighter)      Turns: 4674, Time: 00:07:02

Health: 0/94       AC: 23    Str: 18    XL:     7   Next: 86%
Magic:  18/18      EV:  2    Int:  9    God:    Yredelemnul [......]
Gold:   162        SH:  0    Dex: 12    Spells: 6/6 levels left

rFire   + . .      SeeInvis .   a - +0 long sword
rCold   + . .      Faith    .   b - +0 buckler
rNeg    . . .      Spirit   .   (armour unavailable)
rPois   +          Reflect  .   (helmet currently unavailable)
rElec   +          Harm     .   (cloak currently unavailable)
rCorr   +          Rampage  .   (gloves currently unavailable)
Will    .....      NoTele   +   (boots currently unavailable)
Stlth   +.........              i - amulet of regeneration
HPRegen 1.05/turn               f - ring of poison resistance
MPRegen 0.16/turn               h - ring of magical power

@: confused, mighty, tree-form (expiring), resistant, on berserk cooldown,
attractive, slowed, studying Fighting, very slow
A: stationary, stasis, torment immunity, boosted hp, AC +11, (amphibious),
unfitting armour, (cold-blooded)
a: Renounce Religion, Recall Undead Harvest


You were on level 5 of the Dungeon.
You worshipped Yredelemnul.
Yredelemnul was noncommittal.
You were a tree.
You visited 1 branch of the dungeon, and saw 5 of its levels.

You collected 228 gold pieces.
You spent 66 gold pieces at shops.

Inventory:

Hand Weapons
 a - a +0 long sword (weapon)
Armour
 b - a +0 buckler (worn)
 q - a +1 pair of gloves (melded)
Jewellery
 f - a ring of poison resistance (left branch)
 h - a ring of magical power (right branch)
 i - an amulet of regeneration (around neck)
Scrolls
 d - 6 scrolls of teleportation
 g - a scroll of amnesia
 k - 2 scrolls of blinking
Potions
 c - a potion of might
 j - a potion of brilliance
 o - a potion of lignification
 s - a potion of cancellation
 v - 2 potions of attraction


   Skills:
 * Level 6.2 Fighting
 + Level 5.6 Long Blades
 + Level 4.0 Dodging
 + Level 4.2 Shields
 * Level 3.8 Invocations


You had 6 spell levels left.
You didn't know any spells.
Your spell library contained the following spells:

 Spells                   Type           Power      Damage    Failure   Level
 Beastly Appendage        Tmut           0%         N/A       45%         1
 Summon Small Mammal      Summ           0%         N/A       45%         1
 Passwall                 Tmut/Erth      0%         N/A       61%         2
 Wereblood                Tmut           0%         N/A       61%         2
 Call Canine Familiar     Summ           0%         N/A       83%         3
 Dazzling Flash           Conj/Hex       0%         N/A       83%         3
 Spider Form              Tmut/Pois      0%         N/A       83%         3
 Summon Guardian Golem    Hex/Summ       0%         N/A       83%         3
 Swiftness                Air            0%         N/A       83%         3
 Agony                    Necr           0%         N/A       100%        5
 Silence                  Hex/Air        0%         N/A       100%        5


Dungeon Overview and Level Annotations

Branches:
Dungeon (5/15)
 Temple: D:4-7

Altars:
Ashenzari
Dithmenos
Elyvilon
Kikubaaqudgha
Qazlal
Vehumet
Xom
Yredelemnul

Shops:
D:2 *   D:3 ([=

Annotations:
D:1 exclusion: downstairs
D:3 exclusion: statue


Innate Abilities, Weirdness & Mutations

You are a tree.
Your roots penetrate the ground, keeping you stationary.
You cannot be teleported.
You are immune to unholy pain and torment.
Your maximum health is greatly increased.
Your equipment is partially melded.
((Your dull iron-grey scales are very hard. (AC +11)))
((You are amphibious.))
You cannot fit into any form of body armour.
((You are cold-blooded and may be slowed by cold attacks.))


Message History

* * * LOW HITPOINT WARNING * * *
You barely miss the killer bee.
The killer bee is heavily wounded.
Your transformation is almost over.
You block the killer bee's attack. The killer bee stings you.
* * * LOW HITPOINT WARNING * * *
The killer bee stings you but does no damage.
Something bites the orc but does no damage.
The orc closely misses something.
The killer bee stings you.
* * * LOW HITPOINT WARNING * * *
Something hits you.
* * * LOW HITPOINT WARNING * * *
The orc barely misses you. The orc hits you with a +0 short sword.
* * * LOW HITPOINT WARNING * * *
The killer bee stings you but does no damage.
Something closely misses the orc.
The orc hits something with a +0 club.
The killer bee stings you but does no damage.
Something hits you but does no damage. The orc hits you with a +0 flail.
* * * LOW HITPOINT WARNING * * *
It was a potion of attraction.
You feel attractive to monsters.
The killer bee stings you but does no damage. x4
Something bites the orc.
You block the orc's attack.
The orc hits something with a +0 club.
The killer bee stings you but does no damage.
You hear some strange, mumbled words.
You are confused.
The killer bee stings you.
* * * LOW HITPOINT WARNING * * *
Something bites the orc.
The orc dies!
The orc hits you with a +0 flail.
* * * LOW HITPOINT WARNING * * *
The orc hits you but does no damage.
You feel protected. The killer bee stings you.
* * * LOW HITPOINT WARNING * * *
The killer bee stings you.
You die...
Your body rises from the dead as a mindless zombie.

.. ### #.# #.# .... ..
.. .... .. #.#.#.#.#.#
#.#.#.#
#.##..................
#.#.#o#.#.#.#.#.#.#.#.#
#...)oo{...............
#..#.#♣#.#.#.#.#.#.#.#.
#.....yy...............
##..#.#.#.#.#.#.#.#.#.#
#......≈..............
##..#.#.#.#.#.#.#.#.#.
#....................
##..#.#.#.#.#.#.#.#..
#.................#.
##..#.#.#.#.#.#.#.#.


You could see 2 killer bees and 3 orcs.

Vanquished Creatures
  Pikel (D:4)
  A sky beast (D:5)
  3 killer bees (D:5)
  An orc priest (D:4)
  A hound (D:5)
  An iguana (D:4)
  Natasha (D:4)
  Robin (D:2)
  3 adders
  A howler monkey skeleton (D:4)
  An ufetubus (D:4)
  4 dart slugs
  4 orcs (D:4)
  7 ball pythons
  4 bats
  6 endoplasms
  2 giant cockroaches (D:4)
  15 goblins
  8 hobgoblins
  A quokka (D:1)
  A frilled lizard (D:1)
  6 kobolds
  4 rats
77 creatures vanquished.

Vanquished Creatures (collateral kills)
  A bullfrog skeleton (D:4)
  An orc (D:5)
  A goblin (D:2)
  A rat (D:1)
4 creatures vanquished.

Vanquished Creatures (others)
  A sky beast zombie (D:5)
  An adder zombie (D:4)
  A ball python zombie (D:4)
  A dart slug zombie (D:3)
  A giant cockroach zombie (D:4)
  4 goblin zombies (D:2)
  A kobold zombie (D:2)
  3 orc zombies (D:4)
  A spectral endoplasm (D:4)
  A spectral ufetubus (D:4)
15 creatures vanquished.

Grand Total: 96 creatures vanquished

Notes
Turn   | Place    | Note
-------+----------+-------------------------------------------
     0 | D:1      | Lekart the Draconian Fighter began the quest for the Orb.
     0 | D:1      | Reached XP level 1. HP: 19/19 MP: 1/1
   346 | D:1      | Found a faded altar of an unknown god.
   352 | D:1      | Reached XP level 2. HP: 25/26 MP: 2/2
   392 | D:1      | Prayed at the altar of an unknown god.
   392 | D:1      | Became a worshipper of Yredelemnul the Dark
   392 | D:1      | Reached * piety under Yredelemnul
  1350 | D:2      | Noticed Robin
  1718 | D:2      | Reached XP level 3. HP: 13/33 MP: 3/3
  1732 | D:2      | Reached skill level 4 in Fighting
  1744 | D:2      | HP: 1/33 [Robin (4)]
  1747 | D:2      | Killed Robin
  2142 | D:2      | Found Ziezodar's General Store.
  2145 | D:2      | Bought a scroll of teleportation for 33 gold pieces
  2145 | D:2      | Bought a potion of curing for 33 gold pieces
  2411 | D:2      | Reached skill level 1 in Invocations
  2883 | D:3      | Found a broken altar of Ashenzari.
  2892 | D:3      | Found Akheymipna's Antique Armour Shop.
  2996 | D:3      | Found Riehos Reukh's Antique Weapon Emporium.
  3144 | D:3      | Found a radiant altar of Vehumet.
  3144 | D:3      | Noticed a frost-covered statue
  3227 | D:3      | Reached XP level 4. HP: 36/40 MP: 4/4
  3252 | D:3      | Found Entuisuu's Jewellery Boutique.
  3741 | D:4      | Reached XP level 5. HP: 29/47 MP: 6/6
  3833 | D:4      | Noticed a lemure
  3833 | D:4      | Noticed a lemure
  3838 | D:4      | Noticed a lemure
  3867 | D:4      | Noticed Pikel
  3867 | D:4      | Noticed a lemure
  3886 | D:4      | Killed Pikel
  3887 | D:4      | Reached skill level 5 in Fighting
  3887 | D:4      | Reached XP level 6. HP: 56/56 MP: 8/8
  3887 | D:4      | Your scales start taking on a dull iron-grey colour.
  3887 | D:4      | Reached XP level 7. HP: 61/61 MP: 9/9
  3902 | D:4      | Identified a scroll of acquirement
  3902 | D:4      | Acquired a manual of Fighting
  4219 | D:4      | Reached ** piety under Yredelemnul
  4274 | D:4      | Reached skill level 5 in Long Blades
  4284 | D:4      | Noticed Natasha
  4297 | D:4      | Killed Natasha
  4386 | D:4      | Found a shadowy altar of Dithmenos.
  4393 | D:4      | Found a stormy altar of Qazlal.
  4463 | D:4      | Found an ancient bone altar of Kikubaaqudgha.
  4466 | D:4      | Found a shimmering altar of Xom.
  4469 | D:4      | Found a white marble altar of Elyvilon.
  4539 | D:5      | Entered Level 5 of the Dungeon
  4638 | D:5      | Noticed a vampire
  4650 | D:5      | Reached skill level 6 in Fighting
  4673 | D:5      | HP: 3/94 [orc (2)]
  4674 | D:5      | Slain by a killer bee

Illustrated notes

Levels and vault maps discovered:
D:1:      shiori_arrival_maze, layout_basic, basic_ecumenical_altar,
          chequers_serial_rivers_small_3
D:2:      layout_basic, serial_shops, nicolae_shop_behind_doors, uniq_robin
D:3:      layout_basic, nicolae_overflow_crystal_walls, vehumet_statue,
          serial_shops, nicolae_shop_advertising_works
          [nicolae_subvault_shop_adworks], shop, shop
D:4:      layout_basic, grunt_temple_overflow_diamond,
          mainiacjoe_overflow_big_doors, uniq_natasha, uniq_pikel
D:5:      layout_loops_ring, minmay_misc_feat_rugged, hex_large, uniq_edmund

Skill      XL: |  1  2  3  4  5  6  7 |
---------------+----------------------+-----
Fighting       | 4 5 6 |  6.2
Invocations    | 1 3 |  3.8
Dodging        | 3 4 |  4.0
Long Blades    | 3 4 5 |  5.6
Shields        | 4 |  4.2

Action                   |  1- 3 |  4- 6 |  7- 9 || total
-------------------------+-------+-------+-------++-------
Melee: Long sword        |   123 |    57 |   103 ||   283
       Tailslap          |    11 |     8 |     7 ||    26
Invok: Recall Undead Har |     6 |       |       ||     6
  Use: Scroll            |       |       |    12 ||    12
       Potion            |       |       |     6 ||     6
 Stab: Distracted        |       |       |     1 ||     1
Armor: Skin              |    35 |    29 |   163 ||   227
Dodge: Dodged            |    80 |    58 |    45 ||   183
Block: Buckler           |    30 |    23 |    43 ||    96

Table legend: (Time is in decaauts)
 A = Elapsed time spent in this place.
 B = Non-inter-level travel time spent in this place.
 C = Inter-level travel time spent in this place.
 D = Time resting spent in this place.
 E = Time spent auto-exploring this place.
 F = Levels seen in this place.
 G = Mean time per level.
                   A        B        C        D        E       F      G
               +--------+--------+--------+--------+--------+-----+--------+
         Total |   4754 |   4537 |    217 |    302 |   3498 |   5 |  950.8 |
       Dungeon |   4754 |   4537 |    217 |    302 |   3498 |   5 |  950.8 |
               +--------+--------+--------+--------+--------+-----+--------+

Top non-repeatable levels by time:
     D:2: 1516 daAuts
     D:1: 1403 daAuts
     D:4: 878 daAuts
     D:3: 813 daAuts
     D:5: 143 daAuts
